 Dungeon Sprint DCSS version 0.23.0-28-g6fe0f4d (webtiles) character file.

Game seed: 2961075377221313140

2075 Fang the Fighter (level 9, 0/96 HPs)
             Began as a Gargoyle Berserker on Feb 25, 2019.
             Was a High Priest of Trog.
             Slain by a wight
             ... wielding a +0 trident
              (5 damage)
             ... in the Dungeon (Sprint V: "Ziggurat Sprint").
             The game lasted 00:01:31 (583 turns).

Fang the Fighter (Gargoyle Berserker)                Turns: 583, Time: 00:01:32

Health: 0/96       AC: 25    Str: 31    XL:     9   Next: 26%
Magic:  18/18      EV: 12    Int:  9    God:    Trog [*****.]
Gold:   0          SH:  0    Dex:  9    Spells: 8/8 levels left

rFire    . . .     SeeInvis .   k - +5 executioner's axe
rCold    + . .     Gourm    .   (shield currently unavailable)
rNeg     + . .     Faith    .   A - +4 plate armour of Gallantry {MR++ Str-3}
rPois    ∞         Spirit   .   (no helmet)
rElec    +         Reflect  .   (no cloak)
rCorr    .         Harm     .   (no gloves)
MR       +++..     NoTele   +   (no boots)
Stlth    ..........             (no amulet)
HPRegen  0.26/turn              D - +6 ring of strength
MPRegen  0.16/turn              B - ring of Yendor {rC+ MR+ MP+9}

@: berserking, very quick
A: negative energy resistance 1, electricity resistance, unbreathing,
petrification resistance, rot immunity, AC +6
a: Berserk, Trog's Hand, Brothers in Arms, Renounce Religion


You were in the Dungeon.
You worshipped Trog.
Trog was extremely pleased with you.
You were hungry.

You visited 1 branch

Inventory:

Hand Weapons
 k - a +5 executioner's axe (weapon)
Armour
 j - +5 gold dragon scales
 A - the +4 plate armour of Gallantry (worn) {MR++ Str-3}
   (You found it in the Dungeon)

   It affects your strength (-3).
   It affects your resistance to hostile enchantments.
Jewellery
 B - the ring of Yendor (right hand) {rC+ MR+ MP+9}
   (You found it in the Dungeon)

   [ring of magical power]

   It protects you from cold.
   It affects your resistance to hostile enchantments.
   It affects your magic capacity (+9).
 D - a +6 ring of strength (left hand)
 E - a +6 ring of strength
Wands
 w - a wand of disintegration (7)
 x - a wand of iceblast (7)
 y - a wand of acid (7)
Scrolls
 i - 4 scrolls of blinking
 l - 7 scrolls of fog
 m - a scroll of holy word
 n - 5 scrolls of identify
 o - 5 scrolls of remove curse
 p - 2 scrolls of fear
 z - 4 scrolls of enchant weapon
Potions
 d - 10 potions of curing
 e - 10 potions of heal wounds
 f - 6 potions of haste
 g - 7 potions of magic
 h - 3 potions of berserk rage
 q - 2 potions of brilliance
 r - 2 potions of invisibility
 s - 4 potions of resistance
 t - a potion of experience
 u - 5 potions of agility
 v - 5 potions of might
Miscellaneous
 b - a lamp of fire
 C - a lamp of fire
Comestibles
 a - 6 chunks of flesh
 c - 7 rations


   Skills:
 + Level 11.5 Fighting
 + Level 9.9 Axes
 + Level 11.3 Armour
 + Level 8.9 Dodging


You had 8 spell levels left.
You didn't know any spells.
Your spell library was empty.

Dungeon Overview and Level Annotations

Branches:
Dungeon (1/1)

Altars:
Ashenzari
Cheibriados
Dithmenos
Elyvilon
Fedhas
Gozag
Hepliaklqana
Kikubaaqudgha
Makhleb
Nemelex Xobeh
Okawaru
Qazlal
Ru
Sif Muna
Trog
Uskayaw
Vehumet
Wu Jian
Xom
Yredelemnul
Zin
The Shining One
Beogh
Jiyva
Lugonu

Annotations:
D 1 transporter


Innate Abilities, Weirdness & Mutations

You are resistant to torment.
Your stone body is resilient. (AC +6)
You are immune to poison.
You resist negative energy. (rN+)
You are resistant to electric shocks. (rElec)
You can survive without breathing.
You are immune to petrification.
You are immune to rotting.


Message History

Your Armour skill gained 2 levels and is now at level 11!
Your Dodging skill increases to level 8!
You have reached level 9!
Your experience leads to an increase in your attributes!
Your base attributes are Str 22, Int 9, Dex 9.
Increase (S)trength, (I)ntelligence, or (D)exterity?
You feel stronger.
You slash the orc knight! You closely miss the vault guard.
Your plate armour of Gallantry prevents you from hitting the wight.
You hit the ironbrand convoker but do no damage.
The wight hits you but does no damage.
The deep elf archer unwields a +0 short sword.
The deep elf archer wields the cursed +1 shortbow of Batsehug {flame, +Blink rElec rF+}.
It bursts into flame!
The deep elf archer shoots an arrow.
The arrow hits you but does no damage.
The vault sentinel blows a loud note on a signal horn!
The ironbrand convoker hits you with a +0 great mace!
* * * LOW HITPOINT WARNING * * *
The wight hits you from afar with a +0 trident.
You die...

▓((...▓.....▓..©..▓
▓((©..▓..©..▓▓▓▓▓▓▓
▓▓▓▓▓▓▓▓▓▓▓▓▓▓▓▓▓▓▓
▓..8©8...▓..8©8...▓
▓..)[|...▓..)[}e..▓
▓........▓..).:...▓
▓........▓..zp....▓
▓..)|)...▓..o)p...▓
▓........▓.▓p@z.▓.▓
▓...©....▓...©S...▓
▓▓▓▓▓▓▓▓▓▓▓▓▓▓▓▓▓▓▓


You could see a vault guard, an orc knight, a vault sentinel, a deep elf archer,
an ironbrand convoker, a guardian serpent and 2 wights.

Vanquished Creatures
  An ironheart preserver (D)
  2 yaktaurs (D)
  A tarantella (D)
  2 centaurs (D)
  A scorpion (D)
  3 orc priests (D)
  An orc wizard (D)
  3 orcs (D)
14 creatures vanquished.

Notes
Turn   | Place    | Note
-------+----------+-------------------------------------------
     0 | D        | Found the +6 Majin-Bo {vamp, Archmagi MP+6 Int+6}
     0 | D        | Found the +7 great mace "Firestarter" {inner flame, rF++}
     0 | D        | Fang the Gargoyle Berserker began the quest for the Orb.
     0 | D        | Reached XP level 1. HP: 14/14 MP: 1/1
     3 | D        | Found a blossoming altar of Fedhas.
     4 | D        | Found a viscous altar of Jiyva.
     4 | D        | Found a hazy altar of Hepliaklqana.
     4 | D        | Found a transporter.
     4 | D        | Found an opulent altar of Gozag.
     4 | D        | Found an ancient bone altar of Kikubaaqudgha.
     4 | D        | Found a corrupted altar of Lugonu.
     8 | D        | Found a burning altar of Makhleb.
     9 | D        | Found a sacrificial altar of Ru.
     9 | D        | Found a stormy altar of Qazlal.
     9 | D        | Found a deep blue altar of Sif Muna.
     9 | D        | Found an iron altar of Okawaru.
     9 | D        | Found a bloodstained altar of Trog.
     9 | D        | Found a sparkling altar of Nemelex Xobeh.
    58 | D        | Entered arena 2.
    58 | D        | Noticed a tarantella
    58 | D        | Noticed a scorpion
    58 | D        | Found a transporter.
    61 | D        | Killed a scorpion
    61 | D        | Reached skill level 5 in Fighting
    61 | D        | Reached XP level 2. HP: 18/21 MP: 2/2
    61 | D        | Reached XP level 3. HP: 23/26 MP: 3/3
    63 | D        | Killed a tarantella
    63 | D        | Reached skill level 5 in Axes
    63 | D        | Reached skill level 5 in Dodging
    63 | D        | Reached XP level 4. HP: 30/34 MP: 4/4
    63 | D        | Reached XP level 5. HP: 34/38 MP: 5/5
   176 | D        | Entered arena 3.
   176 | D        | Found a transporter.
   179 | D        | Reached ** piety under Trog
   180 | D        | Reached XP level 6. HP: 44/44 MP: 6/6
   309 | D        | Entered arena 4.
   309 | D        | Noticed a yaktaur
   309 | D        | Noticed a yaktaur
   309 | D        | Found a transporter.
   315 | D        | Killed a yaktaur
   315 | D        | Reached *** piety under Trog
   315 | D        | Reached XP level 7. HP: 25/50 MP: 7/7
   321 | D        | Killed a yaktaur
   321 | D        | Reached skill level 10 in Fighting
   321 | D        | Reached XP level 8. HP: 29/57 MP: 8/8
   365 | D        | Got the +4 plate armour of Gallantry {MR++ Str-3}
   416 | D        | Got the ring of Yendor {rC+ MR+ MP+9}
   511 | D        | Entered arena 5.
   511 | D        | Found a transporter.
   514 | D        | Reached **** piety under Trog
   574 | D        | Entered arena 6.
   574 | D        | Noticed an orc knight
   574 | D        | Noticed an ironbrand convoker
   574 | D        | Noticed a vault sentinel
   574 | D        | Noticed a deep elf archer
   574 | D        | Noticed an ironheart preserver
   574 | D        | Found a transporter.
   575 | D        | Identified the cursed +1 shortbow of Batsehug {flame,
                  | +Blink rElec rF+}
   578 | D        | Noticed a vault guard
   578 | D        | Noticed a guardian serpent
   583 | D        | Killed an ironheart preserver
   583 | D        | Reached ***** piety under Trog
   583 | D        | Reached XP level 9. HP: 19/64 MP: 9/9
   583 | D        | Slain by a wight

Skill      XL: |  1  2  3  4  5  6  7  8 |
---------------+-------------------------+-----
Fighting       | 5 7 8 10 11 | 11.5
Axes           | 4 5 6 7 8 9 |  9.9
Armour         | 4 6 8 9 11 | 11.3
Dodging        | 3 5 6 7 8 |  8.9

Action                   |  1- 3 |  4- 6 |  7- 9 || total
-------------------------+-------+-------+-------++-------
Melee: Executioner's axe |     3 |     6 |    15 ||    24
Invok: Berserk           |     1 |     2 |     1 ||     4
  Eat: Chunk             |       |       |     2 ||     2
Armor: Gold dragon scale |     5 |     6 |     6 ||    17
       Plate armour      |       |       |    11 ||    11
Dodge: Dodged            |     2 |     7 |    10 ||    19
